 Dungeon Crawl Stone Soup version 0.28-a0-845-gfc338a8e3c (webtiles) character file.

Game seed: 6124914090911881474

233 BinkBink the Skirmisher (level 5, -4/42 HPs)
             Began as a Demonspawn Abyssal Knight on Nov 13, 2021.
             Was a Believer of Lugonu.
             Slain by Natasha (6 damage)
             ... on level 3 of the Dungeon.
             The game lasted 00:07:19 (3770 turns).

BinkBink the Skirmisher (Demonspawn Abyssal Knight) Turns: 3770, Time: 00:07:21

Health: -4/42      AC:  7    Str: 15    XL:     5   Next: 74%
Magic:  6/6        EV: 12    Int: 11    God:    Lugonu [**....]
Gold:   136        SH:  0    Dex: 13    Spells: 4/4 levels left

rFire   . . .      SeeInvis .   a - +1 hand axe
rCold   . . .      Faith    .   (no shield)
rNeg    . . .      Spirit   .   b - +0 leather armour
rPois   .          Reflect  .   (no helmet)
rElec   .          Harm     .   e - +1 cloak
rCorr   .          Rampage  .   (no gloves)
Will    .....                   (no boots)
Stlth   +.........              (no amulet)
HPRegen 0.14/turn               (no ring)
MPRegen 0.10/turn               (no ring)

@: no status effects
A: molten scales 1, powered by death 1
a: Renounce Religion, Depart the Abyss, Bend Space


You were on level 3 of the Dungeon.
You worshipped Lugonu.
Lugonu was pleased with you.
You visited 1 branch of the dungeon, and saw 3 of its levels.
You visited the Abyss 1 time.

You collected 136 gold pieces.

Inventory:

Hand Weapons
 a - a +1 hand axe (weapon)
Armour
 b - a +0 leather armour (worn)
 e - a +1 cloak (worn)
Jewellery
 h - an amulet of regeneration
Wands
 m - a wand of iceblast (9)
Scrolls
 c - a scroll of holy word {unknown}
 d - a scroll of fog {unknown}
 i - a scroll of summoning {unknown}
 j - 2 scrolls of identify {unknown}
 k - a scroll of blinking {unknown}
 l - a scroll of brand weapon {unknown}
 o - a scroll of noise {unknown}
 p - a scroll of enchant weapon {unknown}
 q - 2 scrolls of fear {unknown}
Potions
 f - a potion of lignification {unknown}
 g - a potion of curing
 n - a potion of degeneration {unknown}


   Skills:
 + Level 4.1 Fighting
 + Level 4.1 Axes
 + Level 2.4 Armour
 + Level 2.0 Dodging
 - Level 2.4 Invocations


You had 4 spell levels left.
You didn't know any spells.
Your spell library contained the following spells:

 Spells                   Type           Power      Damage    Failure   Level
 Apportation              Tloc           0%         N/A       41%         1
 Inner Flame              Hex/Fire       0%         N/A       78%         3
 Cause Fear               Hex            0%         N/A       99%         4
 Alistair's Intoxication  Tmut/Pois      0%         N/A       100%        5
 Discord                  Hex            0%         N/A       100%        8


Dungeon Overview and Level Annotations

Branches:
Dungeon (3/15)

Altars:
Yredelemnul

Shops:
D:2 :

Annotations:
D:3 Natasha


Innate Abilities, Weirdness & Mutations

You are partially covered in molten scales. (AC +2)
You regenerate a little health from kills.


Message History

Lugonu accepts your kill.
Moaning pathetically, Natasha's spirit plunges into the ground.
Your Axes skill increases to level 4!
Your Dodging skill increases to level 2!
You feel yourself speed up.
Items here: ))) [[.
Natasha, Servant of Life and Death comes into view.
Okay, then.
You don't know any spells.
Natasha hisses angrily.
Natasha wildly gestures.
You feel disoriented. Natasha casts a spell at you. The magic dart hits you!
Natasha stares at you and mumbles some strange words.
The magic dart hits you.
Natasha mumbles some strange words.
Natasha mumbles some strange words.
You hit Natasha.
Natasha is lightly wounded.
You barely miss the shadow imp. Natasha barely misses you.
The shadow imp barely misses you.
You barely miss Natasha.
Natasha is lightly wounded.
You hit the shadow imp. Natasha claws you. The shadow imp hits you.
Natasha claws you.
You are too injured to fight recklessly!
You are too injured to fight recklessly!
You hit Natasha.
Natasha is moderately wounded.
You completely miss the shadow imp. The shadow imp barely misses you.
Natasha claws you.
You hit Natasha.
Natasha is severely wounded.
You closely miss the shadow imp. The shadow imp gestures at you.
Pain shoots through your body!
* * * LOW HITPOINT WARNING * * *
Natasha claws you.
You die...

#####.......#
.......[....#
.####......########
.# #.#####.......#
.# #.# #.####.## .#
#.# #.# #.# .#
#.#####.# #5# .#
#.......# #h# .#
#..###..# #@# .#
#..###..# #5#
.####.......# #.#
...........## #.#
..###.###### #.#
..# #.# #.# ..###.#
#.# ...##.# #.#
.#.##.# #.#


You could see Natasha and 2 shadow imps.

Vanquished Creatures
  Terence (D:2)
  An iguana (D:2)
  Natasha (twice) (D:3)
  Robin (D:3)
  3 adders (D:2)
  A worm (D:3)
  6 dart slugs
  3 orcs (D:3)
  2 ball pythons
  5 bats
  5 endoplasms
  4 giant cockroaches
  13 goblins
  9 hobgoblins
  2 jackals (D:1)
  3 quokkas
  4 frilled lizards
  6 kobolds (D:1)
  5 rats
76 creatures vanquished.

Notes
Turn   | Place    | Note
-------+----------+-------------------------------------------
     0 | Abyss:1  | BinkBink the Demonspawn Abyssal Knight began the quest for
                  | the Orb.
     0 | Abyss:1  | Reached XP level 1. HP: 18/18 MP: 2/2
    14 | Abyss:1  | Found a corrupted altar of Lugonu.
    72 | Abyss:1  | Noticed an ice devil
   101 | Abyss:1  | Noticed an orange demon
   103 | D:1      | Escaped the Abyss
   497 | D:1      | Gained mutation: You regenerate a little health from kills.
                  | [demonic ancestry]
   497 | D:1      | Reached XP level 2. HP: 24/24 MP: 3/3
   534 | D:1      | Reached skill level 1 in Dodging
   574 | D:1      | Reached * piety under Lugonu
   924 | D:1      | Gained mutation: You are partially covered in molten
                  | scales. (AC +2) [demonic ancestry]
   924 | D:1      | Reached XP level 3. HP: 29/29 MP: 4/4
  1165 | D:2      | Found a basalt altar of Yredelemnul.
  1240 | D:2      | Noticed Terence
  1286 | D:2      | Killed Terence
  1287 | D:2      | Reached XP level 4. HP: 8/37 MP: 5/5
  2403 | D:2      | Found Orgheidogh's Book Shop.
  2491 | D:3      | Reached ** piety under Lugonu
  2620 | D:3      | Noticed Robin
  2632 | D:3      | Reached XP level 5. HP: 39/42 MP: 6/6
  2672 | D:3      | Killed Robin
  3016 | D:3      | Noticed Natasha
  3025 | D:3      | Killed Natasha
  3510 | D:3      | Noticed Natasha
  3523 | D:3      | Killed Natasha
  3761 | D:3      | Noticed Natasha
  3770 | D:3      | HP: 2/42 [shadow imp/nerve-wracking pain[Natasha] (14)]
  3770 | D:3      | Slain by Natasha

Illustrated notes

Levels and vault maps discovered:
D:1:      dpeg_arrival_rhombi, layout_loops_ring, hangedman_decor_points
D:2:      layout_loops_ring, serial_shops, nicolae_lakefront_shop, basic_altar,
          uniq_terence
D:3:      layout_basic, lemuel_old_faithful, uniq_robin, uniq_natasha

Skill      XL: |  1  2  3  4  5 |
---------------+----------------+-----
Axes           | 2 3 4 |  4.1
Dodging        | 1 2 |  2.0
Armour         | 2 |  2.4
Fighting       | 4 |  4.1
Invocations    | |  2.4

Action                   |  1- 3 |  4- 6 || total
-------------------------+-------+-------++-------
Melee: Hand axe          |   115 |   175 ||   290
Invok: Depart the Abyss  |     1 |       ||     1
  Use: Potion            |     3 |       ||     3
Armor: Leather armour    |    45 |    50 ||    95
Dodge: Dodged            |   103 |    83 ||   186

Table legend: (Time is in decaauts)
 A = Elapsed time spent in this place.
 B = Non-inter-level travel time spent in this place.
 C = Inter-level travel time spent in this place.
 D = Time resting spent in this place.
 E = Time spent auto-exploring this place.
 F = Levels seen in this place.
 G = Mean time per level.
                   A        B        C        D        E       F      G
               +--------+--------+--------+--------+--------+-----+--------+
         Total |   3822 |   3741 |     81 |      0 |   3018 |   4 |  955.5 |
       Dungeon |   3719 |   3638 |     81 |      0 |   2950 |   3 | 1239.7 |
         Abyss |    103 |    103 |      0 |      0 |     68 |   1 |  103.0 |
               +--------+--------+--------+--------+--------+-----+--------+

Top non-repeatable levels by time:
     D:2: 1436 daAuts
     D:3: 1337 daAuts
     D:1: 946 daAuts
 Abyss:1: 103 daAuts
